 Dungeon Crawl Stone Soup version 0.27-a0-1188-g73eefd5def (webtiles) character file.

Game seed: 15636499363445040839

60 leviel the Skirmisher (level 3, -1/29 HPs)
             Began as a Demonspawn Fighter on May 21, 2021.
             Slain by a hobgoblin (3 damage)
             ... led by Robin
             ... on level 2 of the Dungeon.
             The game lasted 00:02:20 (1706 turns).

leviel the Skirmisher (Demonspawn Fighter)          Turns: 1706, Time: 00:02:21

Health: -1/29      AC:  7    Str: 17    XL:     3   Next: 82%
Magic:  3/3        EV:  7    Int:  9    God:
Gold:   42         SH:  9    Dex: 12    Spells: 2/2 levels left

rFire    . . .     SeeInvis .   a - +0 war axe
rCold    . . .     Faith    .   c - +0 kite shield
rNeg     . . .     Spirit   .   b - +0 scale mail
rPois    .         Reflect  .   (no helmet)
rElec    .         Harm     .   (no cloak)
rCorr    .         Rampage  .   (no gloves)
Will     .....                  g - +0 pair of boots
Stlth    ..........             (no amulet)
HPRegen  0.09/turn              (no ring)
MPRegen  0.08/turn              (no ring)

@: lethally poisoned (-1 -> -10)
A: demonic magic 1
a: no special abilities


You were on level 2 of the Dungeon.
You visited 1 branch of the dungeon, and saw 2 of its levels.

You collected 42 gold pieces.

Inventory:

Hand Weapons
 a - a +0 war axe (weapon)
Armour
 b - a +0 scale mail (worn)
 c - a +0 kite shield (worn)
 g - a +0 pair of boots (worn)
Scrolls
 e - a scroll of noise {unknown}
 i - a scroll of enchant weapon {unknown}
 j - a scroll of vulnerability {unknown}
 k - a scroll of brand weapon {unknown}
Potions
 d - a potion of might
 f - a potion of heal wounds {unknown}
 h - a potion of curing {unknown}


   Skills:
 + Level 3.4 Fighting
 * Level 2.7 Axes
 + Level 3.0 Armour
 + Level 3.1 Shields


You had 2 spell levels left.
You didn't know any spells.
Your spell library was empty.

Dungeon Overview and Level Annotations

Branches:
Dungeon (2/15)

Altars:

Shops:
D:1 !

Annotations:
D:2 Robin


Innate Abilities, Weirdness & Mutations

Spells you cast may paralyse adjacent enemies.


Message History

The quokka bites you.
The hobgoblin hits you but does no damage.
The orc closely misses you.
A worm comes into view.
You block the goblin's attack.
You barely miss the quokka.
The quokka is heavily wounded.
You closely miss the goblin. You closely miss the hobgoblin.
You hit the goblin. You block the quokka's attack.
The hobgoblin hits you but does no damage.
The goblin hits you with a +0 dagger.
The orc hits you from afar with a +0 trident.
The goblin closely misses you. You block the quokka's attack.
The goblin closely misses you. The hobgoblin hits you.
The orc hits you from afar with a +0 trident.
You closely miss the quokka.
The quokka is heavily wounded.
You hit the hobgoblin. You barely miss the goblin.
You closely miss the hobgoblin. You hit the goblin.
You kill the goblin!
The quokka bites you but does no damage.
The hobgoblin barely misses you. The goblin hits you with a +0 dagger.
The hobgoblin hits you but does no damage.
You block the orc's attack.
The quokka bites you but does no damage.
Robin hits you with a +1 dagger of venom.
The hobgoblin hits you but does no damage.
You slash Robin!
Robin is severely wounded.
You hit the hobgoblin. You closely miss the goblin.
You barely miss the hobgoblin. You miss the quokka.
You block the quokka's attack. The hobgoblin hits you.
The goblin hits you with a +0 dagger.
* * * LOW HITPOINT WARNING * * *
The orc barely misses you.
Robin hits you with a +1 dagger of venom.
* * * LOW HITPOINT WARNING * * *
You are lethally poisoned!
The hobgoblin hits you.
You die...

....###.............
. #....##.###+###
#....##.# #....# #
#########....#
.............#
.......$.....##
........g........
......r@gS.....#.
#......ggK...##..
.#.....o....#.#..
#.##......##.#.. .
#.#....#w #...
#.#.#..#.#. ..
..#.##..## #. ...#
.... ..


You could see a worm, Robin, an adder, an orc, a quokka, 2 hobgoblins, a goblin
(strong) and a kobold.

Vanquished Creatures
  4 dart slugs
  7 endoplasms
  A giant cockroach (D:2)
  10 goblins
  5 hobgoblins
  5 jackals
  A quokka (D:1)
  2 ball pythons
  3 bats
  2 frilled lizards
  5 kobolds
45 creatures vanquished.

Notes
Turn   | Place    | Note
-------+----------+-------------------------------------------
     0 | D:1      | leviel the Demonspawn Fighter began the quest for the Orb.
     0 | D:1      | Reached XP level 1. HP: 18/18 MP: 1/1
   240 | D:1      | Found Yklampo's Distillery.
   249 | D:1      | Gained mutation: Spells you cast may paralyse adjacent
                  | enemies. [demonic ancestry]
   249 | D:1      | Reached XP level 2. HP: 23/24 MP: 2/2
  1087 | D:1      | Reached XP level 3. HP: 25/29 MP: 3/3
  1320 | D:1      | Found a faded altar of an unknown god.
  1696 | D:2      | Identified the +0 helmet of Tiudit {rN++}
  1696 | D:2      | Noticed Robin
  1706 | D:2      | Slain by a hobgoblin

Illustrated notes

Levels and vault maps discovered:
D:1:      dpeg_arrival_rooms_with_view, layout_basic,
          shapermc_ecumenical_altar_mp_urbaneastern, serial_shops, shop,
          hangedman_decor_opposing, minmay_misc_feat_rows
D:2:      layout_basic, minmay_misc_feat_secret_circle, uniq_robin

Skill      XL: |  1  2  3 |
---------------+----------+-----
Axes           | 2 |  2.7
Armour         | 3 |  3.0
Shields        | 3 |  3.1
Fighting       | |  3.4

Action                   || total
-------------------------++-------
Melee: War axe           ||   115
Armor: Scale mail        ||    83
Dodge: Dodged            ||    57
Block: Kite shield       ||    83

Table legend: (Time is in decaauts)
 A = Elapsed time spent in this place.
 B = Non-inter-level travel time spent in this place.
 C = Inter-level travel time spent in this place.
 D = Time resting spent in this place.
 E = Time spent auto-exploring this place.
 F = Levels seen in this place.
 G = Mean time per level.
                   A        B        C        D        E       F      G
               +--------+--------+--------+--------+--------+-----+--------+
         Total |   1777 |   1714 |     63 |      0 |   1408 |   2 |  888.5 |
       Dungeon |   1777 |   1714 |     63 |      0 |   1408 |   2 |  888.5 |
               +--------+--------+--------+--------+--------+-----+--------+

Top non-repeatable levels by time:
     D:1: 1376 daAuts
     D:2: 400 daAuts
